 Dungeon Crawl Stone Soup version 0.28.0-53-g5a82cb258f (webtiles) character file.

Game seed: 10995642911362138685

9109 mcbry74 the Grappler (level 11, -1/92 (94) HPs)
             Began as a Troll Fighter on June 28, 2022.
             Was an Elder of Okawaru.
             Slain by a sun demon (3 damage)
             ... summoned by an orc high priest
             ... in a bailey on June 29, 2022.
             The game lasted 00:48:42 (7347 turns).

mcbry74 the Grappler (Troll Fighter)                Turns: 7347, Time: 00:48:45

HP:   -1/92 (94)    AC:  9    Str: 26    XL:     11   Next: 18%
MP:   12/12         EV:  8    Int:  8    God:    Okawaru [****..]
Gold: 460           SH: 12    Dex:  9    Spells: 10/10 levels left

rFire   + + +      SeeInvis .     - Unarmed
rCold   x . .      Faith    .   b - +0 kite shield
rNeg    + . .      Spirit   .   i - +0 troll leather armour {Pargi}
rPois   +          Reflect  +   (helmet restricted)
rElec   +          Harm     .   H - +2 cloak of Jigsaw {rN+}
rCorr   +          Rampage  .   (gloves unavailable)
Will    .....                   (boots unavailable)
Stlth   ..........              B - amulet of reflection
HPRegen 1.85/turn               K - ring of fire
MPRegen 0.13/turn               G - ring of fire

@: silenced, resistant, studying Conjurations, lightly drained
A: large, unfitting armour, claws 3, regeneration 1, shaggy fur 1, tough skin 1
a: Renounce Religion


You were in a bailey.
You worshipped Okawaru.
Okawaru was greatly pleased with you.
You visited 2 branches of the dungeon, and saw 11 of its levels.
You also visited: Sewer and Bailey.

You collected 460 gold pieces.

Inventory:

Hand Weapons
 j - a +2 vorpal flail
 E - a +0 morningstar
Missiles
 d - 13 poisoned darts
 p - 2 throwing nets
 r - 8 javelins (quivered)
 F - 17 boomerangs
Armour
 b - a +0 kite shield (worn)
 i - a +0 troll leather armour (worn) {Pargi}
 H - the +2 cloak of Jigsaw (worn) {rN+}
   (You found it on level 7 of the Dungeon)

   rN:        It protects you from negative energy.
 N - a scarf of invisibility
Magical Staves
 t - a staff of conjuration
Jewellery
 e - a ring of magical power
 q - a ring of flight
 B - an amulet of reflection (around neck)
 G - a ring of fire (right claw)
 K - a ring of fire (left claw)
Wands
 f - a wand of polymorph (4)
 s - a wand of iceblast (8)
 A - a wand of digging (5)
 L - a wand of acid (7)
Scrolls
 a - a scroll of identify
 k - a scroll of summoning
 m - 3 scrolls of fog
 o - 2 scrolls of vulnerability
 w - a scroll of silence
 y - 2 scrolls of amnesia {unknown}
 C - a scroll of magic mapping
 D - 3 scrolls of fear
 I - 2 scrolls of teleportation {unknown}
 M - a scroll of blinking
Potions
 c - 2 potions of might
 g - a potion of magic
 h - 6 potions of flight
 l - a potion of resistance
 n - a potion of lignification
 u - a potion of degeneration {unknown}
 v - a potion of curing {unknown}
 x - a potion of brilliance {unknown}
 z - 3 potions of attraction
 J - a potion of heal wounds {unknown}


   Skills:
 - Level 2.4 Fighting
 * Level 3.7 Maces & Flails
 + Level 7.9 Throwing
 + Level 3.0 Dodging
 - Level 2.4 Shields
 - Level 12.3 Unarmed Combat
 - Level 7.1 Conjurations
 + Level 3.2 Invocations
 + Level 0.9 Evocations


You had 10 spell levels left.
You didn't know any spells.
Your spell library contained the following spells:

 Spells                   Type           Power      Damage    Failure   Level
 Dazzling Flash           Conj/Hex       10%        N/A       65%         3
 Sublimation of Blood     Necr           0%         N/A       88%         2
 Wereblood                Tmut           0%         N/A       88%         2
 Agony                    Necr           0%         N/A       100%        5
 Silence                  Hex/Air        0%         N/A       100%        5
 Summon Hydra             Summ           Unusable   N/A       N/A         7

Dungeon Overview and Level Annotations

Branches:
Dungeon (10/15)            Temple (1/1) D:6           Sewer (visited)
 Bailey (1/1)
   Lair: D:8-11         Orc: D:9-12

Altars:
Ashenzari
Cheibriados
Dithmenos
Elyvilon
Fedhas
Gozag
Hepliaklqana
Kikubaaqudgha
Makhleb
Nemelex Xobeh
Okawaru
Qazlal
Ru
Sif Muna
Trog
Uskayaw
Vehumet
Wu Jian
Xom
Yredelemnul
Zin
The Shining One

Shops:
D:5 =   D:10 (

Annotations:
D:9 exclusion: ice statue


Innate Abilities, Weirdness & Mutations

You are too large for most types of armour.
You have claws for hands.
Your natural rate of healing is unusually fast.
You are covered in fur. (AC +1)
You have tough skin. (AC +1)


Message History

The orc high priest calls down the wrath of Beogh upon you.
Beogh smites you! The sun demon hits you!
You are engulfed in flames.
You resist.
You barely miss the sun demon.
The sun demon is almost dead.
The sun demon hits you!
You are engulfed in flames.
You resist.
As you read the scroll of silence, it crumbles to dust.
A profound silence engulfs you. You block the sun demon's attack. x2
Magic scrolls do not work when you're silenced!
Okay, then.
Okay, then.
Okay, then.
You feel protected. The sun demon hits you.
* * * LOW HITPOINT WARNING * * *
You are engulfed in flames.
You resist.
* * * LOW HITPOINT WARNING * * *
Okay, then.
You block the sun demon's attack. The smoke demon gestures at you.
Beogh smites you!
* * * LOW HITPOINT WARNING * * *
The sun demon hits you!!
* * * LOW HITPOINT WARNING * * *
You are engulfed in flames.
You resist.
* * * LOW HITPOINT WARNING * * *
Okay, then.
Okay, then.
Things that are here:
a +0 hand axe; a +0 leather armour You barely miss the sun demon.
The sun demon is almost dead.
You block the sun demon's attack. The smoke demon gestures at you.
The ball of steam misses the sun demon.
The ball of steam hits you. You resist.
* * * LOW HITPOINT WARNING * * *
The sun demon hits you.
* * * LOW HITPOINT WARNING * * *
You are engulfed in flames.
You resist.
You die...

#≈≈≈≈≈≈.######### ...##.
#≈≈≈≈≈≈.#..8.8..#....##.
#≈≈≈≈≈≈∩o..3.oo.'._(.##.
#≈≈≈≈≈≈3#..8.8o.#....##.
#≈≈≈≈≈≈.######### ...##.
#≈≈≈≈≈≈.#..# ..###
#≈≈≈≈≈4§#?!# .#..
#≈≈≈≈≈≈3#??+ #..
#≈≈≈≈≈#@##############..
#≈≈≈≈≈#§...#.....).8.8)8
#≈≈≈≈≈#....)))...#).....
#≈≈≈≈≈#'#..#############
#≈≈≈≈ #.#..'........
#≈≈≈ ######≈≈≈≈≈≈≈≈
≈≈≈≈≈≈≈≈≈≈≈≈≈≈≈
≈≈≈≈≈≈≈≈≈≈≈≈≈≈≈
≈≈≈≈≈≈≈≈≈≈≈≈≈≈≈


You could see a sun demon (summoned) and an ice devil (summoned).

Vanquished Creatures
  A boulder beetle (D:8)
  Pikel (D:7)
  2 rust devils (D:6)
  An unseen horror (D:10)
  A kobold demonologist (Bailey)
  Grinder (D:3)
  Sigmund (D:3)
  Eustachio (D:4)
  11 yaks
  2 steam dragons
  A wyvern (D:9)
  Edmund (D:6)
  3 water moccasins (D:6)
  5 orc warriors
  Pargi (Sewer)
  A black bear (D:6)
  An ice beast (D:7)
  2 ogres
  A necrophage (D:7)
  3 centaurs
  Blork the orc (D:6)
  2 bullfrogs
  A wyvern zombie (D:4)
  A gnoll sergeant (D:10)
  A scorpion (D:5)
  4 killer bees (D:9)
  13 wights
  3 electric eels (Bailey)
  3 howler monkeys (D:9)
  A bullfrog zombie (D:6)
  4 centaur zombies
  A hound (D:2)
  A gnoll shaman (D:3)
  Crazy Yiuf (D:4)
  3 jellies (D:7)
  6 orc priests
  2 bullfrog skeletons
  2 centaur skeletons
  3 iguanas
  Ijyb (D:3)
  18 orc wizards
  2 killer bee zombies (D:6)
  2 howler monkey zombies
  Robin (D:3)
  13 gnolls
  3 adders
  An adder skeleton (D:4)
  2 worms
  3 dart slugs
  36 orcs
  7 ball pythons
  5 endoplasms
  6 giant cockroaches
  17 goblins
  18 hobgoblins
  A quokka (D:3)
  3 bats
  5 frilled lizards
  2 kobolds
  A rat (D:1)
241 creatures vanquished.

Vanquished Creatures (others)
  A fungus (D:4)
1 creature vanquished.

Grand Total: 242 creatures vanquished

Notes
Turn   | Place    | Note
-------+----------+-------------------------------------------
     0 | D:1      | mcbry74 the Troll Fighter began the quest for the Orb.
     0 | D:1      | Reached XP level 1. HP: 22/22 MP: 0/0
    50 | D:1      | Reached XP level 2. HP: 29/29 MP: 1/1
    73 | D:1      | Reached skill level 3 in Unarmed Combat
   119 | D:2      | Reached XP level 3. HP: 36/36 MP: 2/2
   120 | D:2      | Reached skill level 1 in Throwing
   139 | D:2      | Found a basalt altar of Yredelemnul.
   314 | D:3      | Reached skill level 4 in Unarmed Combat
   314 | D:3      | Reached XP level 4. HP: 44/44 MP: 3/3
   404 | D:3      | Noticed Ijyb
   426 | D:3      | Killed Ijyb
   483 | D:3      | Noticed Sigmund
   499 | D:3      | Killed Sigmund
   500 | D:3      | Reached skill level 5 in Unarmed Combat
   500 | D:3      | Reached XP level 5. HP: 43/50 MP: 4/4
   500 | D:3      | Reached XP level 6. HP: 51/59 MP: 5/5
   523 | D:3      | Found a broken altar of Ashenzari.
   575 | D:3      | Noticed Grinder
   576 | D:3      | Noticed Robin
   587 | D:3      | Killed Robin
   606 | D:3      | Killed Grinder
   607 | D:3      | Reached skill level 6 in Unarmed Combat
   737 | D:3      | Found a glowing drain.
   741 | Sewer    | Entered a sewer
   786 | Sewer    | Noticed Pargi
   792 | Sewer    | Killed Pargi
   793 | Sewer    | Reached XP level 7. HP: 65/66 MP: 6/6
   893 | Sewer    | Identified a scroll of acquirement
   893 | Sewer    | Acquired a manual of Conjurations
  1021 | D:3      | Found a stormy altar of Qazlal.
  1144 | D:4      | Reached skill level 7 in Unarmed Combat
  1171 | D:4      | Reached skill level 1 in Conjurations
  1344 | D:4      | Found a shimmering blue altar of Sif Muna.
  1440 | D:4      | Found a shadowy altar of Dithmenos.
  1541 | D:4      | Noticed Eustachio
  1554 | D:4      | Killed Eustachio
  1555 | D:4      | Reached XP level 8. HP: 67/74 MP: 7/7
  2054 | D:4      | Found an opulent altar of Gozag.
  2070 | D:4      | Found a radiant altar of Vehumet.
  2290 | D:4      | Found a runed translucent door.
  2291 | D:4      | Noticed Crazy Yiuf
  2302 | D:4      | Killed Crazy Yiuf
  2303 | D:4      | Reached skill level 8 in Unarmed Combat
  2387 | D:5      | Entered Level 5 of the Dungeon
  2518 | D:5      | Reached skill level 5 in Throwing
  2582 | D:5      | Reached skill level 9 in Unarmed Combat
  2824 | D:5      | Found Vacwoich's Jewellery Boutique.
  3202 | D:6      | Reached XP level 9. HP: 74/80 MP: 8/8
  3354 | D:6      | Found a snail-covered altar of Cheibriados.
  3540 | D:6      | Reached skill level 5 in Conjurations
  3578 | D:6      | Noticed Edmund
  3595 | D:6      | Killed Edmund
  3608 | D:6      | Found a staircase to the Ecumenical Temple.
  3617 | Temple   | Entered the Ecumenical Temple
  3673 | Temple   | Became a worshipper of Warmaster Okawaru
  3719 | D:6      | Reached skill level 10 in Unarmed Combat
  3829 | D:6      | Noticed Blork the orc
  3848 | D:6      | Killed Blork the orc
  4718 | D:7      | Noticed Pikel
  4725 | D:7      | Killed Pikel
  4725 | D:7      | Reached * piety under Okawaru
  4765 | D:6      | Noticed a rust devil
  4765 | D:6      | Noticed a rust devil
  4773 | D:6      | Killed a rust devil
  4773 | D:6      | Reached ** piety under Okawaru
  4774 | D:6      | Reached skill level 11 in Unarmed Combat
  4774 | D:6      | Reached XP level 10. HP: 76/88 MP: 6/9
  4776 | D:6      | Killed a rust devil
  5225 | D:7      | Identified the +2 cloak of Jigsaw {rN+}
  5699 | D:8      | Reached *** piety under Okawaru
  5700 | D:8      | Reached skill level 1 in Maces & Flails
  5703 | D:8      | Reached skill level 1 in Invocations
  5718 | D:8      | Noticed a boulder beetle
  5742 | D:8      | Killed a boulder beetle
  5743 | D:8      | Reached skill level 12 in Unarmed Combat
  6155 | D:8      | Reached **** piety under Okawaru
  6155 | D:8      | Received a gift from Okawaru
  6257 | D:8      | Found an ornate altar of the Wu Jian Council.
  6482 | D:9      | Found a blossoming altar of Fedhas.
  6526 | D:9      | Reached XP level 11. HP: 81/94 MP: 12/12
  6992 | D:9      | Found a hide-covered altar of Uskayaw.
  7045 | D:10     | Entered Level 10 of the Dungeon
  7101 | D:10     | Found Nozuiwiwos's Weapon Emporium.
  7101 | D:10     | Found a flagged portal.
  7119 | Bailey   | Entered a bailey
  7321 | Bailey   | Found an iron altar of Okawaru.
  7321 | Bailey   | Noticed an orc high priest
  7322 | Bailey   | Noticed a sun demon
  7344 | Bailey   | HP: 4/92 [sun demon[an orc high priest] (2)]
  7347 | Bailey   | Slain by a sun demon

Illustrated notes

Levels and vault maps discovered:
D:1:      wander_arrival_lonely_grave, layout_rooms,
          minmay_misc_feat_four_crosses
D:2:      layout_loops_corners, dreamdust_ecumenical_altar_drowned_temple,
          basic_altar, minmay_close_crescents
D:3:      layout_basic, lemuel_doored_altar, lemuel_crystal_altar,
          gup_sewer_entry_bowl, serial_glass, glass_columns_a, glass_columns_a,
          glass_columns_b, glass_columns_c, feat_on_display, feat_on_display,
          feat_on_display, feat_on_display, uniq_robin, uniq_sigmund,
          uniq_grinder, uniq_ijyb
D:4:      layout_loops_corners, nicolae_sif_muna_condensation,
          grunt_dithmenos_smoke, mainiacjoe_overflow_swirl,
          uniq_crazy_yiuf_cottage, uniq_eustachio
D:5:      nicolae_cairo_tiling, layout_basic, serial_shops, shop,
          minmay_misc_feat_rows, chequers_garden, dk_noncrumbling_4
D:6:      cheibrodos_iron_armory, layout_loops_corners, slow_altar_2,
          minmay_temple_entry_arrows, uniq_blork_the_orc, uniq_edmund
D:7:      layout_layer_cave, uniq_pikel
D:8:      layout_loops_ring, kennysheep_mini, minmay_orc_keep
D:9:      lemuel_ice_statue, layout_gridville, lemuel_coloured_pillars_altar,
          overflow_temple_1_default, kennysheep_cluttered_room,
          minmay_misc_feat_alley
D:10:     lemuel_ogre_cave, layout_basic, serial_shops, shop, enter_bailey_5
Temple:   nicolae_temple_hex_pool
Bailey:   bailey_axe_of_yendor_kennysheep, bailey

Skill      XL: |  1  2  3  4  5  6  7  8  9 10 11 |
---------------+----------------------------------+-----
Unarmed Combat | 3 4 5 6 7 9 11 12 | 12.3
Throwing       | 1 2 3 4 5 6 7 |  7.9
Conjurations   | 2 4 6 7 |  7.1
Maces & Flails | 2 3 |  3.7
Invocations    | 2 3 |  3.2
Dodging        | 3 |  3.0
Fighting       | |  2.4
Shields        | |  2.4
Evocations     | |  0.9

Action                   |  1- 3 |  4- 6 |  7- 9 | 10-12 || total
-------------------------+-------+-------+-------+-------++-------
Melee: Unarmed           |    44 |    87 |   310 |   273 ||   714
Throw: Dart              |     2 |     4 |    26 |     3 ||    35
       Javelin           |       |       |     2 |     5 ||     7
       Boomerang         |       |       |       |    67 ||    67
Invok: Heroism           |       |       |     1 |       ||     1
 Abil: Evoke Invisibilit |       |       |       |     1 ||     1
  Use: Scroll            |       |       |    10 |     6 ||    16
       Potion            |       |       |     1 |     1 ||     2
 Stab: Invisible         |       |       |       |     1 ||     1
Armor: Robe              |    22 |    17 |       |       ||    39
       Skin              |       |     3 |       |       ||     3
       Troll leather arm |       |       |   104 |    71 ||   175
Dodge: Dodged            |    17 |    30 |    89 |    64 ||   200
Block: Kite shield       |    18 |    34 |    81 |   156 ||   289
       Reflection        |       |       |       |     4 ||     4
